Map: King's Cove LE

Players

Mez

  • Race: Terran Terran
  • League: Master
  • Spawn Location: 5:00

A.I. 1 (Very Easy) - Winner!

  • Race: Protoss Protoss
  • Spawn Location: 11:00

VOD

Have the link to the VOD?

Description

Time

  • Played on: Aug. 9, 2019, 6:51 a.m.
  • Length: 5:27
Show
View Real Time Build Order
Export as new Build Order

Mez Terran 

Build Orders: Reaper Expand 

Get SALT Encoding   

  12  0:00  SCV  
  13  0:13  SCV  
  14  0:18  Supply Depot  
  14  0:25  SCV  
  15  0:39  SCV  
  15  0:41  Barracks  
  16  0:45  Refinery  
  16  0:51  SCV  
  17  1:03  SCV  
  18  1:16  SCV  
  19  1:30  Reaper, Orbital Command  
  20  1:44  Command Center  
  20  1:53  Bunker  
  20  1:57  SCV  
  21  2:02  Barracks Reactor  
  21  2:07  Supply Depot  
  21  2:09  SCV  
  22  2:21  SCV  
  23  2:28  Factory  
  23  2:33  SCV  
  24  2:41  Marine x2  
  26  2:52  SCV  
  26  2:56  Orbital Command  
  27  2:59  Marine  
  27  3:00  Marine  
  29  3:06  SCV  
  30  3:13  Widow Mine  
  30  3:14  Starport  
  30  3:17  Marine x2  
  30  3:18  SCV  
  35  3:22  SCV  
  36  3:30  SCV  
  37  3:35  Widow Mine  
  37  3:38  Command Center  
  37  3:41  SCV  
  40  3:42  Marine x2  
  40  3:46  Supply Depot  
  40  3:47  SCV  
  43  3:53  SCV  
  44  3:56  Medivac  
  44  4:02  Refinery  
  46  4:04  Factory Tech Lab  
  46  4:07  SCV x2  
  46  4:09  Supply Depot  
  48  4:15  Refinery, Marine x2  
  50  4:19  SCV x2  
  52  4:31  SCV x2  
  52  4:34  Marine x2  
  56  4:41  Supply Depot  
  56  4:42  Starport Tech Lab  
  56  4:43  SCV  
  56  4:44  Siege Tank  
  60  4:48  SCV  
  60  4:49  Barracks  
  60  4:51  Orbital Command  
  61  4:53  Marine x2  
  61  4:56  SCV  
  64  5:00  SCV  
  64  5:02  Refinery  
  65  5:07  Barracks  
  65  5:08  SCV  
Show
View Real Time Build Order
Export as new Build Order

A.I. 1 (Very Easy) Protoss - Winner!

Build Orders:  

Get SALT Encoding   

  12  0:00  Probe  
  13  0:13  Probe  
  14  0:21  Pylon  
  14  0:37  Assimilator  
  14  0:42  Gateway  
  14  0:47  Pylon  
  14  1:18  Assimilator  
  14  1:25  Probe  
  14  1:31  Zealot  
  17  1:33  Probe, Cybernetics Core  
  18  1:41  Probe  
  19  1:51  Probe  
  20  2:00  Warp Gate  
  20  2:01  Probe  
  21  2:09  Probe  
  22  2:39  Stalker  
Tags
 
Add a new tag
Caveats
  • Supply blocks, unpowered buildings, or Contaminate may cause inaccurate times.
  • Supply counts are checked every 10 seconds.